 Dungeon Crawl Stone Soup version 0.31-a0-965-g8a8ce12e04 (webtiles) character file.

Game seed: 12082168012377555169

12 Dordric the Ruffian (level 2, -4/18 HPs)
             Began as an Octopode Shapeshifter on Oct 26, 2023.
             Slain by Terence
             ... wielding a +0 mace
              (6 damage)
             ... on level 2 of the Dungeon.
             The game lasted 00:00:22 (695 turns).

Dordric the Ruffian (Octopode Shapeshifter)          Turns: 695, Time: 00:00:22

Health: -4/18      AC:  1    Str: 13    XL:     2   Next: 33%
Magic:  2/2        EV: 13    Int: 12    God:
Gold:   89         SH:  0    Dex: 11    Spells: 1/1 levels left

rFire   . .          .
                       - Unarmed
rCold   . . .        (no shield)
rNeg    . . .        (helmet currently unavailable)
rPois   .            (no amulet)
rElec   .            (no ring)
rCorr   .            (no ring)
SInv    .            (no ring)
Will    .....        (no ring)
Stlth   ++           (no ring)
HPRegen 0.23/turn    (no ring)
MPRegen 0.08/turn    (no ring)
                     (no ring)

%: no passive effects
@: beast-form
A: beast (slay +1), almost no armour, amphibious, 8 rings, camouflage 1,
gelatinous body 1, (nimble swimmer 1), tentacles
a: Begin Untransformation


You were on level 2 of the Dungeon.
You were a hulking beast.
You visited 1 branch of the dungeon, and saw 2 of its levels.

You collected 89 gold pieces.

Inventory:

Missiles
 d - a throwing net
Talismans
 b - a beast talisman
 c - a flux talisman
Scrolls
 e - a scroll of teleportation {unknown}
Potions
 a - a potion of lignification
 f - a potion of resistance {unknown}
 g - a potion of degeneration {unknown}


   Skills:
 - Level 1.0 Fighting
 - Level 2.0 Dodging
 - Level 3.3 Unarmed Combat
 + Level 3.3 Shapeshifting


You had one spell level left.
You didn't know any spells.
Your spell library contained the following spells:

 Spells                   Type           Power      Damage    Failure   Level
 Conjure Ball Lightning   Conj/Air       0%         3x3d6     100%        6
 Discord                  Hex            0%         N/A       100%        8
 Disjunction              Tloc           0%         N/A       100%        8


Dungeon Overview and Level Annotations

Branches:
Dungeon (2/15)

Altars:

Annotations:
D:2 Terence


Innate Abilities, Weirdness & Mutations

You are a hulking beast.
Your limbs bulge with bestial killing power. (Slay +1)
You cannot wear most types of armour.
You are amphibious.
You can wear up to eight rings at the same time.
Your skin changes colour to match your surroundings (Stealth+).
Your rubbery body absorbs attacks. (AC +1, EV +1)
((You are camouflaged when in or above water. (Stealth+)))
You have tentacles for arms and can constrict up to eight enemies at once.


Message History

Done exploring.
Done exploring.
There is a stone staircase leading down here.
You climb downwards.
Found 9 gold pieces and a glowing green potion.
There is a stone staircase leading up here.
Terence the Incautious comes into view.
He is wielding a +0 mace.
Terence is nearby!
Terence is nearby!
Terence shouts!
Terence hits you with a +0 mace!
Ouch! That really hurt!
You see here 9 gold pieces.
You are too injured to fight recklessly!
You are too injured to fight recklessly!
You are too injured to fight recklessly!
You are too injured to fight recklessly!
You are too injured to fight recklessly!
You are too injured to fight recklessly!
You are too injured to fight recklessly!
You are too injured to fight recklessly!
You are too injured to fight recklessly!
You are too injured to fight recklessly!
You are too injured to fight recklessly!
You are too injured to fight recklessly!
You barely miss Terence. You grab Terence.
You squeeze Terence, but do no damage.
You constrict Terence, but do no damage.
You tentacle-slap Terence.
Terence is lightly wounded.
You constrict Terence, but do no damage.
Terence closely misses you.
You tentacle-slap Terence.
Terence is lightly wounded.
You constrict Terence. Terence hits you with a +0 mace!
* * * LOW HITPOINT WARNING * * *
You tentacle-slap Terence. You squeeze Terence.
Terence is heavily wounded.
You constrict Terence. Terence hits you with a +0 mace.
You die...

##.. # # ....
#. .##... #.
#..!.
..##.###..####
.............
...###.....#
.......<...#
..###.####h#
#. #@# # ..#
####


You could see Terence.

Vanquished Creatures
  2 endoplasms (D:1)
  A giant cockroach (D:1)
  2 goblins (D:1)
  2 hobgoblins (D:1)
  A ball python (D:1)
  2 frilled lizards (D:1)
  A kobold (D:1)
11 creatures vanquished.

Notes
Turn   | Place    | Note
-------+----------+-------------------------------------------
     0 | D:1      | Dordric the Octopode Shapeshifter began the quest for the
                  | Orb.
     0 | D:1      | Reached XP level 1. HP: 13/13 MP: 1/1
   124 | D:1      | Reached XP level 2. HP: 18/18 MP: 2/2
   690 | D:2      | Noticed Terence
   695 | D:2      | Slain by Terence

Illustrated notes

Levels and vault maps discovered:
D:1:      nzn_arrival_crosshair, layout_basic
D:2:      layout_basic, serial_shops, nicolae_shop_getting_attention,
          minmay_vboxes, uniq_terence, uniq_sigmund

Action                     || total
---------------------------++-------
  Melee: Unarmed           ||    24
         Tentacles         ||     5
         Constrict         ||     4
         Punch             ||     1
   Stab: Sleeping          ||     3
 Armour: Skin              ||     9
  Dodge: Dodged            ||     9

Table legend: (Time is in decaauts)
 A = Elapsed time spent in this place.
 B = Non-inter-level travel time spent in this place.
 C = Inter-level travel time spent in this place.
 D = Time resting spent in this place.
 E = Time spent auto-exploring this place.
 F = Levels seen in this place.
 G = Mean time per level.
                   A        B        C        D        E       F      G
               +--------+--------+--------+--------+--------+-----+--------+
         Total |    693 |    684 |      9 |      0 |    611 |   2 |  346.5 |
       Dungeon |    693 |    684 |      9 |      0 |    611 |   2 |  346.5 |
               +--------+--------+--------+--------+--------+-----+--------+

Top non-repeatable levels by time:
     D:1: 686 daAuts
     D:2: 6 daAuts
